 Dungeon Crawl Stone Soup version 0.14-a0-1719-ga7e7698 (webtiles) character file.

144 Jenx the Insei (level 3, -1/29 HPs)
             Began as a Demonspawn Monk on Jan 1, 2014.
             Slain by an orc wizard
             ... wielding a +0,+0 orcish short sword
              (4 damage)
             ... on Level 3 of the Dungeon.
             The game lasted 00:04:59 (1519 turns).

Jenx the Insei (Demonspawn Monk)                    Turns: 1519, Time: 00:04:59

HP  -1/29        AC  2     Str 11      XL: 3   Next: 69%
MP   3/3         EV 13     Int 17      God:
Gold 88          SH  0     Dex 17      Spells:  0 memorised,  2 levels left

rFire  . . .     SeeInvis .     k - +3,+1 elf short sword (freeze)
rCold  . . .     Clarity  .     a - +0 robe
rNeg   . . .     Conserve .     (no shield)
rPois  .         rCorr    .     (no helmet)
rElec  .         rRot     .     (no cloak)
SustAb . .       Spirit   .     (no gloves)
rMut   .         Warding  .     (no boots)
Saprov . . .     Stasis   .     (no amulet)
                                (no ring)
                                (no ring)

@: brilliant, not resistant to hostile enchantments, stealthy
A: talons 1, agile 1
a: no special abilities


You were on level 3 of the Dungeon.
You were not hungry.

You visited 1 branch of the dungeon, and saw 3 of its levels.

You collected 88 gold pieces.

Inventory:

Hand weapons
 k - a +3,+1 elven short sword of freezing (weapon)
Armour
 a - a +0 robe (worn)
Magical devices
 s - a wand of random effects (11)
Comestibles
 b - a bread ration
 l - a chunk of bat flesh
 p - a chunk of rat flesh
 t - a chunk of giant cockroach flesh
 v - a meat ration
Scrolls
 c - 2 scrolls of amnesia {unknown}
 d - a scroll of curse jewellery {unknown}
 e - a scroll of noise {unknown}
 f - a scroll of curse weapon {unknown}
 g - a scroll of enchant weapon II {unknown}
 h - a scroll of immolation {unknown}
 j - a scroll of teleportation {unknown}
 m - a scroll of identify {unknown}
 o - a scroll of remove curse {unknown}
Magical staves
 u - an uncursed staff of cold


   Skills:
 - Level 3.0 Fighting
 - Level 1.0 Short Blades
 - Level 2.6 Dodging
 + Level 3.1 Stealth
 - Level 4.0 Unarmed Combat


You had 2 spell levels left.
You didn't know any spells.

Dungeon Overview and Level Annotations

Branches:
Dungeon (3/16)

Altars:


Innate Abilities, Weirdness & Mutations

You have sharp toenails.
You are agile. (Dex +2)


Message History

You hit it. You freeze it. It hits you.
* * * LOW HITPOINT WARNING * * *
Drink which item? (? for menu, Esc to quit)
Magic courses through your body.
It was a potion of magic.
It barely misses you.
Drink which item? (? for menu, Esc to quit)
You feel agile.
You feel fantastic!
It was a potion of beneficial mutation.
It hits you.
* * * LOW HITPOINT WARNING * * *
Drink which item? (? for menu, Esc to quit)
You feel clever all of a sudden.
It was a potion of brilliance.
It completely misses you.
Drink which item? (? for menu, Esc to quit)
You feel better.
It was a potion of curing.
It hits you.
You closely miss it. Your kick misses it. It hits you.
* * * LOW HITPOINT WARNING * * *
You completely miss it. It hits you.
* * * LOW HITPOINT WARNING * * *
You hit it but do no damage. It hits you.
You die...

#...# ≈ ###.#.# ≈..#
#.....# ≈≈≈≈.#
##########.....#
≈≈≈≈..#####
...............#
≈≈......[..
##.#######.....#
..⌠......b# ##.# #.....#
.........# ##.#
#####.....########.#......#
##.#
#..........@)o.....#......#
##.#
#.###....#####............#
##.# #....# #######{.....#
##.# #....# ......# ##.#
###### ......# ##.# ......#
##.# ...... ##.# ##### ##.#


You could see an orc.

Vanquished Creatures
  2 adders (D:2)
  A giant gecko (D:2)
  An orc (D:3)
  2 giant cockroaches
  3 goblins
  4 hobgoblins
  6 jackals
  5 kobolds
  6 bats
  5 rats
35 creatures vanquished.

Notes
Turn   | Place    | Note
--------------------------------------------------------------
     0 | D:1      | Jenx, the Demonspawn Monk, began the quest for the Orb.
     0 | D:1      | Reached XP level 1. HP: 18/18 MP: 1/1
   205 | D:1      | Reached skill level 4 in Unarmed Combat
   319 | D:1      | Gained mutation: You have sharp toenails. [demonic ancestry]
   319 | D:1      | Reached XP level 2. HP: 21/24 MP: 2/2
   766 | D:2      | Reached skill level 1 in Short Blades
  1074 | D:2      | Reached XP level 3. HP: 22/29 MP: 3/3
  1514 | D:3      | Gained mutation: You are agile. (Dex +2) [potion of beneficial mutation]
  1514 | D:3      | HP: 1/29 [something (4)]
  1519 | D:3      | Slain by an orc wizard

Action                   || total
-------------------------++-------
Melee: Unarmed           ||    27
       Short sword       ||    73
Evoke: Wand              ||     1
  Use: Potion            ||     4
 Stab: Sleeping          ||     3
